 Dungeon Crawl Stone Soup version 0.22-a0-368-g870eee8 (webtiles) character file.

1426 zxcv the Firebug (level 8, 0/69 HPs)
             Began as an Octopode Fire Elementalist on Apr 23, 2018.
             Was an Initiate of Ashenzari.
             Succumbed to a scorpion's poison
             ... on level 9 of the Dungeon.
             The game lasted 00:20:28 (5611 turns).

zxcv the Firebug (Octopode Fire Elementalist)       Turns: 5611, Time: 00:20:29

Health: 0/69       AC: 24    Str:  7    XL:     8   Next: 72%
Magic:  12/13      EV:  2    Int: 20    God:    Ashenzari [......]
Gold:   349        SH:  0    Dex: 12    Spells: 4/14 levels left

rFire    . . .     SeeInvis .   (no weapon)
rCold    . . .     Gourm    .   (no shield)
rNeg     + + +     Faith    .   (helmet currently unavailable)
rPois    +         Spirit   .   (no amulet)
rElec    .         Reflect  .   (no ring)
rCorr    .         Harm     .   (no ring)
MR       .....     NoTele   +   (no ring)
Stlth    ++........             (no ring)
HPRegen  0.21/turn              (no ring)
MPRegen  0.13/turn              (no ring)
                                (no ring)
                                (no ring)

@: lethally poisoned (0 -> -9), tree-form
A: almost no armour, stealthy swim, (amphibious), 8 rings, (constrict 8)
a: Curse Item, Renounce Religion


You were on level 9 of the Dungeon.
You worshipped Ashenzari.
Ashenzari was noncommittal.
You were hungry.
You were a tree.
You visited 1 branch of the dungeon, and saw 7 of its levels.

You collected 349 gold pieces.

Inventory:

Hand Weapons
 q - a +2 dagger of draining
 r - a +2 flail of protection
 v - a +4 quarterstaff of chaos
 w - a cursed -2 spear
Missiles
 a - 3 throwing nets (quivered)
Armour
 f - a +0 buckler
Wands
 u - a wand of polymorph (7)
Scrolls
 g - 2 scrolls of identify
 h - a scroll of random uselessness {unknown}
 j - 2 scrolls of enchant armour
 k - 2 scrolls of amnesia {unknown}
 o - 4 scrolls of fog
 s - 2 scrolls of remove curse
 x - a scroll of enchant weapon {unknown}
Potions
 d - 2 potions of agility
 l - a potion of magic {unknown}
 n - a potion of lignification
 p - a potion of haste {unknown}
 t - a potion of might {unknown}
Comestibles
 b - 19 rations


   Skills:
 - Level 2.0 Dodging
 - Level 4.0 Stealth
 - Level 2.1 Shields
 + Level 3.8 Spellcasting
 * Level 6.5 Conjurations
 * Level 7.2 Fire Magic


You had 4 spell levels left.
You knew the following spells:

 Your Spells              Type           Power        Failure   Level  Hunger
a - Flame Tongue          Conj/Fire      ####.        1%          1    None
b - Throw Flame           Conj/Fire      ####..       1%          2    ##.....
c - Conjure Flame         Conj/Fire      ####....     2%          3    ###....
d - Sticky Flame          Conj/Fire      ####....     8%          4    ####...


Dungeon Overview and Level Annotations

Branches:
Dungeon (6/15)
 Temple: D:4-7

Altars:
Ashenzari
Elyvilon
Fedhas
Uskayaw
Wu Jian
Xom
Zin

Annotations:
D:2 Sigmund
D:4 zxcv's ghost, novice GnSk
D:6 exclusions: hornet, orc, orc priest and orc warrior


Innate Abilities, Weirdness & Mutations

You cannot wear most types of armour.
You are very stealthy in the water. (Stealth+)
((You are amphibious.))
You can wear up to eight rings at the same time.
((You can use your tentacles to constrict eight enemies at once.))
((Your skin changes colour to match your surroundings (Stealth+).))
((Your rubbery body absorbs attacks. (AC +1, EV +1)))


Message History

You closely miss the spriggan baker.
The spriggan baker is severely wounded.
The centaur shoots an arrow.
The arrow hits you.
* * * LOW HITPOINT WARNING * * *
The spriggan baker hits you but does no damage.
You barely miss the spriggan baker.
The spriggan baker is severely wounded.
The centaur shoots an arrow.
The arrow hits you but does no damage.
The spriggan baker hits you but does no damage.
You hit the spriggan baker.
You kill the spriggan baker!
Your Fire Magic skill increases to level 7!
The scorpion stings you but does no damage.
Your magical contamination has completely faded away.
You barely miss the scorpion. The scorpion stings you.
* * * LOW HITPOINT WARNING * * *
You are lethally poisoned!
The scorpion poisons you!
You closely miss the scorpion.
You die...

##>.......(...#
.......>$.....#
#............#
#...........#
#...........#
#........../#
###)...>.....
##<♣sc...#########
#...y.)...........
#..............#
########.......#####
#.O.(...+...#
#.$.....###S#
#.......# #O#
#.......###.h
#######..h..#


You could see a two-headed ogre, a hornet, a centaur and a scorpion.

Vanquished Creatures
  A spriggan (D:9)
  A wyvern (D:9)
  An ice beast (D:5)
  A sky beast (D:9)
  2 ogres
  3 bullfrogs
  A howler monkey (D:9)
  A jelly (D:6)
  An orc priest (D:3)
  2 hounds
  An orc wizard (D:6)
  Crazy Yiuf (D:5)
  Natasha (D:3)
  3 worker ants
  3 gnolls (D:3)
  A worker ant zombie (D:5)
  11 adders
  A shadow imp (D:5)
  2 oozes
  2 worms (D:2)
  6 leopard geckos
  12 orcs
  A ball python (D:3)
  6 giant cockroaches
  13 goblins
  12 hobgoblins
  4 jackals (D:5)
  2 quokkas
  5 bats
  8 frilled lizards
  7 kobolds
  5 rats
121 creatures vanquished.

Vanquished Creatures (others)
  A worker ant (D:4)
  A giant cockroach (D:4)
2 creatures vanquished.

Grand Total: 123 creatures vanquished

Notes
Turn   | Place    | Note
-------+----------+-------------------------------------------
     0 | D:1      | zxcv the Octopode Fire Elementalist began the quest for the Orb.
     0 | D:1      | Reached XP level 1. HP: 11/11 MP: 3/3
    91 | D:1      | Reached XP level 2. HP: 17/17 MP: 0/5
   379 | D:1      | Learned a level 2 spell: Throw Flame
   606 | D:1      | Reached XP level 3. HP: 21/21 MP: 3/6
   743 | D:2      | Found a shimmering altar of Xom.
   817 | D:2      | Noticed Sigmund
  1120 | D:2      | Reached XP level 4. HP: 27/27 MP: 3/7
  1458 | D:2      | Learned a level 3 spell: Conjure Flame
  1605 | D:2      | Reached skill level 4 in Fire Magic
  2005 | D:3      | Reached XP level 5. HP: 31/31 MP: 1/8
  2374 | D:3      | Found a white marble altar of Elyvilon.
  2582 | D:3      | Noticed Natasha
  2908 | D:3      | Killed Natasha
  2908 | D:3      | Reached XP level 6. HP: 36/36 MP: 3/9
  2971 | D:4      | Found a glowing silver altar of Zin.
  3087 | D:4      | Reached skill level 5 in Fire Magic
  3245 | D:4      | Reached XP level 7. HP: 41/41 MP: 6/11
  3702 | D:4      | Noticed zxcv's ghost (novice GnSk)
  3831 | D:5      | Entered Level 5 of the Dungeon
  3997 | D:5      | Reached skill level 5 in Conjurations
  4313 | D:5      | Found a runed door.
  4317 | D:5      | Noticed Crazy Yiuf
  4320 | D:5      | Killed Crazy Yiuf
  4560 | D:5      | Reached skill level 6 in Fire Magic
  4905 | D:6      | Learned a level 4 spell: Sticky Flame
  4912 | D:6      | Found a shattered altar of Ashenzari.
  4937 | D:6      | Became a worshipper of Ashenzari the Shackled
  4974 | D:6      | Reached XP level 8. HP: 46/46 MP: 3/12
  5052 | D:6      | Found a hide-covered altar of Uskayaw.
  5167 | D:6      | Noticed a hornet
  5195 | D:6      | Found an ornate altar of the Wu Jian Council.
  5294 | D:6      | You fall through a shaft for 3 floors!
  5310 | D:9      | Reached skill level 1 in Shields
  5346 | D:9      | Noticed a two-headed ogre
  5349 | D:9      | Noticed a wyvern
  5371 | D:9      | Killed a wyvern
  5558 | D:9      | Found a blossoming altar of Fedhas.
  5575 | D:9      | Noticed a two-headed ogre
  5584 | D:9      | Noticed a hornet
  5589 | D:9      | HP: 2/46 [centaur/arrow (13)]
  5595 | D:9      | Noticed a spriggan baker
  5601 | D:9      | HP: 3/69 [spriggan baker/dagger (2)]
  5607 | D:9      | HP: 2/69 [centaur/arrow (4)]
  5609 | D:9      | Killed a spriggan baker
  5609 | D:9      | Reached skill level 7 in Fire Magic
  5611 | D:9      | Succumbed to a scorpion's poison

Vault maps used:
D:1:      dpeg_arrival_tiny_a, hangedman_decor_push, grunt_decor_mini_mirrors,
          kennysheep_boxes
D:2:      lemuel_crystal_altar, uniq_sigmund
D:3:      cheibrodos_greedy_goblins, overflow_temple_1_default, first_ration,
          uniq_natasha
D:4:      lightli_temple_of_fire, lemuel_crystal_altar, lemuel_flame_loot_1
D:5:      corexii_shack_village, uniq_crazy_yiuf_cottage
D:6:      lemuel_crystal_altar, lemuel_doored_altar, old_standard_altar
D:9:      fedhas_altar_fruit_tree, the_bakery

Skill      XL: |  1  2  3  4  5  6  7  8 |
---------------+-------------------------+-----
Stealth        | 3 4 |  4.0
Conjurations   | 2 3 4 5 6 |  6.5
Fire Magic     | 4 5 6 7 |  7.2
Spellcasting   | 3 |  3.8
Shields        | 2 |  2.1
Dodging        | |  2.0

Action                   |  1- 3 |  4- 6 |  7- 9 || total
-------------------------+-------+-------+-------++-------
Melee: Unarmed           |     2 |    11 |    10 ||    23
       Constrict         |     2 |    10 |     3 ||    15
       Tentacles         |     1 |     5 |     4 ||    10
       Dagger            |       |    14 |    26 ||    40
Throw: Throwing net      |       |     1 |       ||     1
 Cast: Flame Tongue      |    38 |    61 |    50 ||   149
       Throw Flame       |    11 |    32 |    11 ||    54
       Conjure Flame     |       |     1 |    10 ||    11
       Sticky Flame      |       |       |     3 ||     3
  Use: Potion            |       |     1 |     4 ||     5
       Scroll            |       |       |    12 ||    12
 Stab: Sleeping          |       |     1 |     5 ||     6
  Eat: Chunk             |     2 |     9 |     9 ||    20
Armor: Skin              |     1 |     1 |    14 ||    16
Dodge: Dodged            |     7 |    17 |    32 ||    56
Block: Buckler           |       |       |     1 ||     1

Table legend:
 A = Spawn XP
 B = Non-spawn XP
 C = Spawn XP percentage of total XP
 D = Spawn monster count
 E = Non-spawn monster count
 F = Spawn count percentage of total count
 G = Total turns spent on level
                    A         B        C        D         E        F      G
               +---------+---------+-------+---------+---------+-------+---------
         Total |       0 |    2038 |   0.0 |       0 |     121 |   0.0 |  5611
               +---------+---------+-------+---------+---------+-------+---------
           D:1 |       0 |      35 |   0.0 |       0 |      22 |   0.0 |   931
           D:2 |       0 |      91 |   0.0 |       0 |      19 |   0.0 |   918
           D:3 |       0 |     231 |   0.0 |       0 |      37 |   0.0 |  1144
           D:4 |       0 |     319 |   0.0 |       0 |      11 |   0.0 |   838
           D:5 |       0 |     423 |   0.0 |       0 |      21 |   0.0 |   973
           D:6 |       0 |     224 |   0.0 |       0 |       5 |   0.0 |   490
           D:9 |       0 |     715 |   0.0 |       0 |       6 |   0.0 |   317
               +---------+---------+-------+---------+---------+-------+---------
